 Dungeon Crawl Stone Soup version 0.28-a0-852-gbbce81c95b (webtiles) character file.

Game seed: 2386770781864828621

933 BinkBink the Gusty (level 8, -3/54 HPs)
             Began as a Human Air Elementalist on Nov 14, 2021.
             Was an Initiate of Vehumet.
             Slain by a gnoll sergeant (8 damage)
             ... on level 6 of the Dungeon.
             The game lasted 00:15:38 (7544 turns).

BinkBink the Gusty (Human Air Elementalist)         Turns: 7544, Time: 00:15:38

Health: -3/54      AC:  5    Str:  9    XL:     8   Next: 33%
Magic:  4/15       EV: 12    Int: 17    God:    Vehumet [......]
Gold:   346        SH:  0    Dex: 14    Spells: 16/17 levels left

rFire   . . .      SeeInvis .     - Unarmed
rCold   . . .      Faith    .   (no shield)
rNeg    . . .      Spirit   .   a - +0 robe
rPois   .          Reflect  .   (no helmet)
rElec   .          Harm     .   c - +0 cloak
rCorr   .          Rampage  .   (no gloves)
Will    .....                   f - +1 pair of boots
Stlth   ++........              (no amulet)
HPRegen 0.18/turn               (no ring)
MPRegen 0.14/turn               (no ring)

@: no status effects
A: no striking features
a: Renounce Religion


You were on level 6 of the Dungeon.
You worshipped Vehumet.
Vehumet was noncommittal.
You visited 2 branches of the dungeon, and saw 7 of its levels.

You collected 346 gold pieces.

Inventory:

Armour
 a - a +0 robe (worn)
 b - the +1 scale mail of the Circus Animal {Slay+3}
   (You found it on level 4 of the Dungeon)

   Slay:      It affects your accuracy & damage with ranged weapons and melee
   (+3).
 c - a +0 cloak (worn)
 f - a +1 pair of boots (worn)
 h - a +4 ring mail of cold resistance
 k - a +0 pair of gloves
Jewellery
 m - a ring of protection from cold
Wands
 i - a wand of mindburst (18)
Scrolls
 d - 5 scrolls of identify {unknown}
 e - a scroll of enchant armour
 g - a scroll of amnesia {unknown}
 j - a scroll of holy word {unknown}
 l - 3 scrolls of teleportation
Potions
 n - a potion of berserk rage


   Skills:
 + Level 1.3 Fighting
 - Level 2.0 Dodging
 - Level 2.0 Stealth
 + Level 1.6 Unarmed Combat
 + Level 5.3 Spellcasting
 + Level 4.2 Conjurations
 + Level 5.9 Air Magic


You had 16 spell levels left.
You knew the following spells:

 Your Spells              Type           Power      Damage    Failure   Level
a - Shock                 Conj/Air       84%        1d8       1%          1

Your spell library contained the following spells:

 Spells                   Type           Power      Damage    Failure   Level
 Static Discharge         Conj/Air       21%        N/A       2%          2
 Swiftness                Air            24%        N/A       3%          3
 Corpse Rot               Necr/Air       28%        N/A       6%          2
 Poisonous Vapours        Pois/Air       28%        N/A       6%          2
 Airstrike                Air            12%        N/A       12%         4
 Ensorcelled Hibernation  Hex/Ice        8%         N/A       22%         2
 Tukima's Dance           Hex            4%         N/A       38%         3
 Summon Lightning Spire   Summ/Air       14%        N/A       38%         4
 Lightning Bolt           Conj/Air       10%        1d23      43%         5


Dungeon Overview and Level Annotations

Branches:
Dungeon (6/15)             Temple (1/1) D:5

Altars:
Ashenzari
Cheibriados
Dithmenos
Elyvilon
Fedhas
Gozag
Hepliaklqana
Kikubaaqudgha
Makhleb
Nemelex Xobeh
Okawaru
Qazlal
Ru
Sif Muna
Trog
Uskayaw
Vehumet
Wu Jian
Xom
Yredelemnul
Zin
The Shining One


Message History

The zap misses the gnoll sergeant.
The zap hits the gnoll.
The gnoll is almost dead.
The zap hits the gnoll but does no damage.
The gnoll sergeant hits you from afar with a +0 trident!
The zap misses the gnoll sergeant.
The zap hits the gnoll.
You kill the gnoll!
Vehumet accepts your kill.
The zap hits the gnoll.
The gnoll is lightly wounded.
The gnoll sergeant hits you from afar with a +0 trident!
The zap hits the gnoll sergeant but does no damage.
The gnoll sergeant is heavily wounded.
The zap hits the gnoll.
The gnoll is moderately wounded.
The gnoll sergeant barely misses you.
The zap hits the gnoll sergeant!
The gnoll sergeant is severely wounded.
The zap misses the gnoll.
The sky beast flickers out of sight!
Deactivating autopickup; reactivate with Ctrl-A.
The gnoll sergeant closely misses you.
The zap hits the gnoll sergeant.
The gnoll sergeant is almost dead.
The zap hits the gnoll.
The gnoll is heavily wounded.
The gnoll sergeant hits you from afar with a +0 trident.
The zap misses the gnoll sergeant.
The zap hits the gnoll.
The gnoll is severely wounded.
The gnoll sergeant hits you from afar with a +0 trident!
You are too injured to fight recklessly!
A sky beast appears from thin air!
Reactivating autopickup.
The gnoll sergeant hits you from afar with a +0 trident!
* * * LOW HITPOINT WARNING * * *
The sky beast flickers out of sight!
Deactivating autopickup; reactivate with Ctrl-A.
The gnoll sergeant hits you from afar with a +0 trident!
* * * LOW HITPOINT WARNING * * *
There is a stone staircase leading up here.
The gnoll sergeant hits you from afar with a +0 trident!
You die...

# # # # # ######
.....###################
..............g.@.......
#............g##########
#.....>...###.#
#.........# #gg.
#............≈...#
#(........#####....
..........# ....
............ ....
.............


You could see a gnoll sergeant and a gnoll.

Vanquished Creatures
  A water moccasin (D:5)
  An ogre (D:5)
  2 phantoms (D:5)
  2 scorpions (D:5)
  A centaur zombie (D:6)
  2 hounds
  An orc priest (D:5)
  A centaur skeleton (D:5)
  Jessica (D:3)
  Ijyb (D:4)
  Natasha (twice) (D:4)
  A hound skeleton (D:5)
  7 adders
  8 gnolls
  A white imp (D:6)
  2 worms
  A dart slug (D:4)
  4 orcs (D:5)
  4 bats
  5 endoplasms
  8 goblins
  4 hobgoblins
  3 quokkas
  4 ball pythons
  2 frilled lizards (D:1)
  4 kobolds
  22 rats
95 creatures vanquished.

Notes
Turn   | Place    | Note
-------+----------+-------------------------------------------
     0 | D:1      | BinkBink the Human Air Elementalist began the quest for the
                  | Orb.
     0 | D:1      | Reached XP level 1. HP: 13/13 MP: 3/3
   477 | D:1      | Reached XP level 2. HP: 19/19 MP: 0/5
   746 | D:1      | Found a faded altar of an unknown god.
   888 | D:1      | Reached XP level 3. HP: 24/24 MP: 1/6
  1837 | D:2      | Reached XP level 4. HP: 21/30 MP: 2/7
  2511 | D:3      | Reached XP level 5. HP: 35/35 MP: 3/9
  2728 | D:3      | Noticed Jessica
  2738 | D:3      | Killed Jessica
  3513 | D:4      | Identified the +1 scale mail of the Circus Animal {Slay+3}
  3781 | D:4      | Noticed Ijyb
  4086 | D:4      | Killed Ijyb
  4087 | D:4      | Reached skill level 1 in Unarmed Combat
  4087 | D:4      | Reached XP level 6. HP: 41/41 MP: 10/10
  4180 | D:4      | Found a glowing silver altar of Zin.
  4286 | D:4      | Noticed Natasha
  4296 | D:4      | Killed Natasha
  4725 | D:4      | Noticed Natasha
  4738 | D:4      | Killed Natasha
  4874 | D:5      | Entered Level 5 of the Dungeon
  4907 | D:5      | Found a staircase to the Ecumenical Temple.
  4918 | D:5      | Reached skill level 5 in Air Magic
  5040 | Temple   | Entered the Ecumenical Temple
  5443 | Temple   | Became a worshipper of Vehumet
  5527 | D:5      | Reached XP level 7. HP: 17/47 MP: 5/13
  6282 | D:5      | Noticed a water moccasin
  6292 | D:5      | Killed a water moccasin
  6606 | D:5      | Reached XP level 8. HP: 30/53 MP: 3/15
  6924 | D:5      | Reached skill level 5 in Spellcasting
  6975 | D:5      | Reached skill level 1 in Fighting
  7544 | D:6      | Slain by a gnoll sergeant

Illustrated notes

Levels and vault maps discovered:
D:1:      matt_arrival_los_fun, layout_loops_ring, ebering_ecumenical_altar_mist
D:2:      layout_basic
D:3:      layout_basic, fountainhead, dk_noncrumbling_2, uniq_jessica
D:4:      layout_basic, kennysheep_little_box, mrwooster_statue_mirror,
          minmay_rat_hole, uniq_natasha, uniq_ijyb
D:5:      layout_basic, minmay_temple_entry_enclosed_plants,
          minmay_stone_trees_small
D:6:      layout_rooms, portal_sewer_entry_e, chequers_serial_rivers_micro_b,
          kennysheep_generic_room_14
Temple:   mainiacjoe_temple_trianglar_array

Skill      XL: |  1  2  3  4  5  6  7  8 |
---------------+-------------------------+-----
Air Magic      | 4 5 |  5.9
Conjurations   | 2 3 4 |  4.2
Spellcasting   | 3 4 5 |  5.3
Unarmed Combat | 1 |  1.6
Fighting       | 1 |  1.3
Dodging        | |  2.0
Stealth        | |  2.0

Action                   |  1- 3 |  4- 6 |  7- 9 || total
-------------------------+-------+-------+-------++-------
Melee: Unarmed           |     2 |    22 |       ||    24
 Cast: Shock             |    60 |   131 |   133 ||   324
  Use: Potion            |     2 |     5 |       ||     7
       Scroll            |       |     5 |       ||     5
Armor: Robe              |    11 |    19 |    23 ||    53
       Skin              |       |    25 |       ||    25
Dodge: Dodged            |    37 |    32 |    36 ||   105

Table legend: (Time is in decaauts)
 A = Elapsed time spent in this place.
 B = Non-inter-level travel time spent in this place.
 C = Inter-level travel time spent in this place.
 D = Time resting spent in this place.
 E = Time spent auto-exploring this place.
 F = Levels seen in this place.
 G = Mean time per level.
                   A        B        C        D        E       F      G
               +--------+--------+--------+--------+--------+-----+--------+
         Total |   7554 |   7315 |    239 |      0 |   6193 |   7 | 1079.1 |
       Dungeon |   7106 |   6951 |    155 |      0 |   5831 |   6 | 1184.3 |
        Temple |    447 |    363 |     84 |      0 |    362 |   1 |  447.0 |
               +--------+--------+--------+--------+--------+-----+--------+

Top non-repeatable levels by time:
     D:5: 1945 daAuts
     D:1: 1568 daAuts
     D:4: 1505 daAuts
     D:2: 938 daAuts
     D:3: 871 daAuts
  Temple: 447 daAuts
     D:6: 277 daAuts
